 Dungeon Crawl Stone Soup version 0.22-b1-21-g5cfc168 (webtiles) character file.

20181 wojtek the Cleaver (level 12, -2/106 HPs)
             Began as a Minotaur Fighter on Aug 4, 2018.
             Was a Priest of Makhleb.
             Slain by a dream sheep (7 damage)
             ... on level 4 of the Lair of Beasts.
             The game lasted 00:18:25 (13683 turns).

wojtek the Cleaver (Minotaur Fighter)              Turns: 13683, Time: 00:18:26

Health: -2/106     AC: 18    Str: 27    XL:     12   Next: 43%
Magic:  18/18      EV:  9    Int:  8    God:    Makhleb [***...]
Gold:   830        SH: 12    Dex:  9    Spells: 11/11 levels left

rFire    + . .     SeeInvis .   a - +0 war axe
rCold    + + .     Gourm    .   c - +0 shield
rNeg     . . .     Faith    .   D - +0 plate armour
rPois    +         Spirit   .   I - +1 hat {Int+3}
rElec    .         Reflect  .   C - scarf {rC+ rF+}
rCorr    .         Harm     .   j - +0 pair of gloves
MR       .....                  o - +0 pair of boots
Stlth    ..........             (no amulet)
HPRegen  0.27/turn              N - ring of poison resistance
MPRegen  0.16/turn              u - ring of protection from cold

@: no status effects
A: retaliatory headbutt, horns 2
a: Minor Destruction, Lesser Servant of Makhleb, Renounce Religion


You were on level 4 of the Lair of Beasts.
You worshipped Makhleb.
Makhleb was most pleased with you.
You were not hungry.

You visited 3 branches of the dungeon, and saw 15 of its levels.

You collected 830 gold pieces.

Inventory:

Hand Weapons
 a - a +0 war axe (weapon)
Armour
 c - a +0 shield (worn)
 j - a +0 pair of gloves (worn)
 o - a +0 pair of boots (worn)
 r - the cursed +1 chain mail of Untruth {+Inv Regen+ Str+4}
   (You found it on level 2 of the Lair of Beasts)

   It affects your strength (+4).
   It lets you turn invisible.
   It increases your rate of regeneration.
   It has a curse placed upon it.
 C - a scarf of resistance (worn)
 D - a +0 plate armour (worn)
 I - a +1 hat of intelligence (worn)
Jewellery
 s - an uncursed ring of wizardry {unknown}
 u - a ring of protection from cold (right hand)
 N - a ring of poison resistance (left hand)
Wands
 w - a wand of scattershot (2)
 A - a wand of paralysis (8)
Scrolls
 b - 6 scrolls of teleportation
 e - 4 scrolls of blinking
 h - 4 scrolls of remove curse
 k - a scroll of immolation {unknown}
 l - 2 scrolls of noise {unknown}
 m - 3 scrolls of enchant armour {unknown}
 n - 4 scrolls of amnesia {unknown}
 p - 3 scrolls of magic mapping {unknown}
 q - a scroll of fog {unknown}
 t - 3 scrolls of enchant weapon {unknown}
 y - 2 scrolls of random uselessness {unknown}
 F - 2 scrolls of fear {unknown}
Potions
 d - 2 potions of might
 i - 6 potions of curing
 z - 2 potions of agility
 B - 5 potions of haste
 E - a potion of flight {unknown}
 G - a potion of degeneration {unknown}
 H - a potion of heal wounds
Miscellaneous
 g - a lightning rod (4/4)
Comestibles
 f - 26 rations
 v - 14 chunks of flesh


   Skills:
 + Level 9.8 Fighting
 + Level 11.7 Axes
 + Level 9.6 Armour
 + Level 8.0 Dodging
 + Level 9.7 Shields
 * Level 9.9 Invocations
 * Level 4.1 Evocations


You had 11 spell levels left.
You didn't know any spells.
Your spell library was empty.

Dungeon Overview and Level Annotations

Branches:
Dungeon (11/15)            Temple (1/1) D:5            Lair (2/6) D:10
  Swamp (0/4) Lair:4        Snake (0/4) Lair:2          Orc (0/2) D:11

Altars:
Ashenzari
Cheibriados
Dithmenos
Elyvilon
Fedhas
Gozag
Hepliaklqana
Kikubaaqudgha
Makhleb
Nemelex Xobeh
Okawaru
Qazlal
Ru
Sif Muna
Trog
Uskayaw
Vehumet
Wu Jian
Xom
Yredelemnul
Zin
The Shining One
Beogh

Shops:
D:7 *


Innate Abilities, Weirdness & Mutations

You reflexively headbutt those who attack you in melee.
You have a pair of horns on your head.


Message History

The dream sheep bites you.
* * * LOW HITPOINT WARNING * * *
A dream sheep comes into view.
Unknown command.
The dream sheep bleats!
You slash the dream sheep!
You kill the dream sheep!
Makhleb accepts your kill.
You hit the dream sheep. You hit the plant but do no damage.
You hit the dream sheep.
The dream sheep bites the plant but does no damage.
The dream sheep closely misses you. You block the dream sheep's attack.
Unknown command.
You closely miss the dream sheep. Your headbutt misses the dream sheep.
The dream sheep is lightly wounded.
You slash the plant! You hit the dream sheep. You hit the spiny frog.
The spiny frog stings you!
* * * LOW HITPOINT WARNING * * *
You block the dream sheep's attack. The dream sheep bites you!
You die...

. .. .. .. .
.#...
###......
#@P......
#YYFYY.....
#..YY......
#.YY.......
.......Y..P
#....#Y....#
#..........#
##..........


You could see a spiny frog and 10 dream sheep.

Vanquished Creatures
  Gastronok (D:10)
  3 two-headed ogres
  Maurice (D:10)
  A black mamba (Lair:2)
  A spiny frog (Lair:2)
  4 komodo dragons
  A rime drake (Lair:4)
  2 trolls
  A hornet (Lair:2)
  3 hippogriffs
  A dream sheep (Lair:4)
  A spriggan (D:7)
  2 wraiths
  A wyvern (Lair:2)
  A basilisk (Lair:1)
  17 yaks
  2 water moccasins
  4 porcupines
  A sky beast (D:6)
  3 orc warriors
  A phantom (D:10)
  3 necrophages
  2 ice beasts
  A black bear (D:10)
  8 ogres
  4 centaurs
  6 crocodiles
  A big kobold (D:8)
  An elf zombie (D:7)
  10 bullfrogs
  A water moccasin zombie (D:7)
  6 scorpions
  17 killer bees
  A howler monkey (D:6)
  5 wights
  An electric eel (Lair:1)
  A centaur zombie (D:10)
  4 crimson imps
  3 bullfrog zombies
  10 hounds
  2 jellies
  3 centaur skeletons
  3 bullfrog skeletons
  10 orc priests
  5 human zombies (D:7)
  13 orc wizards
  4 iguanas
  9 worker ants
  A statue (D:9)
  A hound zombie (D:7)
  A mummy (D:7)
  4 hound skeletons
  A worker ant zombie (D:6)
  8 adders
  2 shadow imps
  2 oozes (D:1)
  An adder skeleton (D:4)
  An adder zombie (D:5)
  2 worms
  2 dart slugs
  6 leopard geckos
  46 orcs
  A ball python (D:3)
  5 giant cockroaches
  9 goblins
  7 hobgoblins
  12 jackals
  6 quokkas
  2 bats
  5 frilled lizards
  7 kobolds
  A leopard gecko skeleton (D:7)
  An orc skeleton (D:7)
  2 quokka skeletons
  10 rats
332 creatures vanquished.

Vanquished Creatures (collateral kills)
  Josephine (D:10)
  A hydra (Lair:2)
  An oklob plant (Lair:2)
  A spiny frog (Lair:4)
  Grinder (D:5)
  3 wraiths (D:10)
  2 yaks (Lair:2)
  A water moccasin (Lair:2)
  2 porcupines
  A bullfrog (Lair:2)
  A killer bee (D:10)
  A hound (D:5)
  2 orcs (D:5)
18 creatures vanquished.

Vanquished Creatures (others)
  The ghost of manyhoops the Digger, a novice GnWn of Dithmenos (D:5)
  An orc priest (D:5)
  2 orcs (D:5)
  A fungus (Lair:4)
  5 plants (D:10)
10 creatures vanquished.

Grand Total: 360 creatures vanquished

Notes
Turn   | Place    | Note
-------+----------+-------------------------------------------
     0 | D:1      | wojtek the Minotaur Fighter began the quest for the Orb.
     0 | D:1      | Reached XP level 1. HP: 19/19 MP: 0/0
   131 | D:1      | Reached skill level 3 in Axes
   195 | D:1      | Reached XP level 2. HP: 26/26 MP: 1/1
   524 | D:1      | Reached skill level 4 in Axes
   606 | D:1      | Reached XP level 3. HP: 21/31 MP: 2/2
   865 | D:2      | Found a faded altar of an unknown god.
  1055 | D:2      | Reached skill level 5 in Axes
  1395 | D:2      | Found a glowing golden altar of the Shining One.
  1437 | D:3      | Reached XP level 4. HP: 34/39 MP: 3/3
  1527 | D:3      | Reached skill level 6 in Axes
  1545 | D:3      | Found a snail-covered altar of Cheibriados.
  1758 | D:3      | Reached XP level 5. HP: 45/45 MP: 4/4
  2080 | D:4      | Reached skill level 7 in Axes
  2368 | D:4      | Noticed a hippogriff
  2383 | D:4      | Reached XP level 6. HP: 47/51 MP: 5/5
  2394 | D:4      | Killed a hippogriff
  2394 | D:4      | Reached skill level 8 in Axes
  2394 | D:4      | Reached skill level 1 in Dodging
  2797 | D:4      | Found a stormy altar of Qazlal.
  2804 | D:4      | Reached XP level 7. HP: 59/59 MP: 6/6
  3159 | D:5      | Entered Level 5 of the Dungeon
  3159 | D:5      | Noticed Grinder
  3160 | D:5      | Paralysed by Grinder for 7 turns
  3329 | D:5      | Found a staircase to the Ecumenical Temple.
  3335 | Temple   | Entered the Ecumenical Temple
  3398 | Temple   | Became a worshipper of Makhleb the Destroyer
  3481 | D:6      | Reached skill level 1 in Invocations
  3512 | D:6      | Reached skill level 5 in Fighting
  3582 | D:6      | Reached skill level 5 in Armour
  3582 | D:6      | Reached skill level 5 in Shields
  3664 | D:6      | Reached XP level 8. HP: 68/68 MP: 8/8
  3734 | D:6      | Found a glowing golden altar of the Shining One.
  4153 | D:6      | Reached * piety under Makhleb
  4567 | D:5      | Reached skill level 9 in Axes
  4568 | D:5      | Found a runed gate.
  4908 | D:7      | Found Maxoiphu's Assorted Antiques.
  4977 | D:7      | Reached XP level 9. HP: 36/75 MP: 9/11
  6192 | D:7      | Reached skill level 5 in Invocations
  6213 | D:7      | Found an ancient bone altar of Kikubaaqudgha.
  6256 | D:7      | Reached ** piety under Makhleb
  6377 | D:8      | Reached skill level 5 in Dodging
  6404 | D:8      | Found a sparkling altar of Nemelex Xobeh.
  6607 | D:8      | Found a roughly hewn altar of Beogh.
  6971 | D:8      | Found a shattered altar of Ashenzari.
  6972 | D:8      | Found a sparkling altar of Nemelex Xobeh.
  7269 | D:9      | Reached *** piety under Makhleb
  7280 | D:9      | Reached XP level 10. HP: 59/86 MP: 13/13
  7803 | D:9      | Found a radiant altar of Vehumet.
  7824 | D:9      | Reached skill level 10 in Axes
  8282 | D:10     | Entered Level 10 of the Dungeon
  8382 | D:10     | Found a staircase to the Lair.
  8765 | D:10     | Noticed Maurice
  8767 | D:10     | Noticed a two-headed ogre
  8788 | D:10     | Killed a two-headed ogre
  8790 | D:10     | Paralysed by Maurice for 2 turns
  8794 | D:10     | Killed Maurice
  9064 | D:10     | Noticed Josephine
  9071 | D:10     | Killed Josephine
  9075 | D:10     | Reached XP level 11. HP: 50/95 MP: 15/15
  9332 | D:10     | Noticed Gastronok
  9343 | D:10     | Killed Gastronok
  9588 | D:11     | Reached skill level 11 in Axes
  9685 | D:11     | Noticed a two-headed ogre
  9692 | D:11     | Killed a two-headed ogre
  9759 | D:11     | Reached **** piety under Makhleb
  9777 | D:11     | Noticed a two-headed ogre
  9785 | D:11     | Killed a two-headed ogre
  9797 | D:11     | Reached skill level 1 in Evocations
  9842 | D:11     | Found a staircase to the Orcish Mines.
 10139 | D:11     | Found a roughly hewn altar of Beogh.
 10355 | D:5      | Noticed manyhoops's ghost (novice GnWn)
 10357 | D:5      | Found a runed gate.
 10358 | D:5      | Found a runed gate.
 10371 | D:5      | Found a roughly hewn altar of Beogh.
 10397 | D:5      | Paralysed by Grinder for 7 turns
 10416 | D:5      | Killed Grinder
 10971 | D:5      | Killed manyhoops's ghost
 10987 | D:5      | Got a polished cloak
 11000 | D:5      | Got a pitted dagger {pierce}
 11127 | D:5      | Identified the +2 cloak of Mysticism {+Blink rN+ MR-} (You found it on level 5 of the Dungeon)
 11240 | Lair:1   | Entered Level 1 of the Lair of Beasts
 12196 | Lair:2   | Reached XP level 12. HP: 51/105 MP: 18/18
 12485 | Lair:2   | Identified the cursed +1 chain mail of Untruth {+Inv Regen+ Str+4} (You found it on level 2 of the Lair of Beasts)
 12556 | Lair:2   | Noticed a seven-headed hydra
 12567 | Lair:2   | Killed a seven-headed hydra
 12717 | Lair:2   | Found a staircase to the Snake Pit.
 13584 | Lair:2   | You fall through a shaft for 2 floors!
 13638 | Lair:4   | Noticed a death yak
 13650 | Lair:4   | Noticed a death yak
 13656 | Lair:4   | Noticed a death yak
 13673 | Lair:4   | Found a staircase to the Swamp.
 13683 | Lair:4   | HP: 5/106 [spiny frog (9)]
 13683 | Lair:4   | Slain by a dream sheep

Skill      XL: |  1  2  3  4  5  6  7  8  9 10 11 12 |
---------------+-------------------------------------+-----
Axes           | 3 4 5 6 7 8 9 10 11 | 11.7
Fighting       | 4 5 6 7 8 9 |  9.8
Armour         | 4 5 6 7 8 9 |  9.6
Dodging        | 1 2 4 5 6 7 8 |  8.0
Shields        | 4 5 6 7 8 9 |  9.7
Invocations    | 1 4 6 7 9 |  9.9
Evocations     | 2 4 |  4.1

Action                   |  1- 3 |  4- 6 |  7- 9 | 10-12 || total
-------------------------+-------+-------+-------+-------++-------
Melee: War axe           |    71 |   125 |   429 |   560 ||  1185
       Headbutt          |    11 |    13 |    79 |   129 ||   232
Invok: Lesser Servant of |       |       |       |    20 ||    20
       Minor Destruction |       |       |       |     4 ||     4
Evoke: Wand              |       |       |     2 |     3 ||     5
  Use: Scroll            |       |       |       |    11 ||    11
       Potion            |       |       |       |     1 ||     1
 Stab: Distracted        |       |       |       |     1 ||     1
  Eat: Chunk             |     2 |     4 |    15 |    19 ||    40
       Ration            |       |       |       |     1 ||     1
Armor: Scale mail        |    19 |       |       |       ||    19
       Chain mail        |     5 |    71 |    88 |       ||   164
       Plate armour      |       |       |    63 |   246 ||   309
Dodge: Dodged            |    21 |    36 |    95 |   176 ||   328
Block: Shield            |    24 |    69 |   166 |   343 ||   602
